 Dungeon Crawl Stone Soup version 0.29.1-1-gd02db6906a (webtiles) character file.

Game seed: 18096684896063274341

3425 JohnEldenRing the Spear-Bearer (level 10, -19/123 HPs)
             Began as a Gnoll Berserker on Oct 10, 2022.
             Was a Priest of Trog.
             Killed by the air
             ... invoked by Braxton's ghost
              (26 damage)
             ... on level 7 of the Dungeon on Oct 18, 2022.
             The game lasted 00:43:51 (6396 turns).

JohnEldenRing the Spear-Bearer (Gnoll Berserker)    Turns: 6396, Time: 00:43:53

Health: -19/123    AC: 12    Str: 23    XL:     10   Next: 5%
Magic:  17/17      EV: 18    Int:  7    God:    Trog [***...]
Gold:   582        SH:  5    Dex: 15    Spells: 19/19 levels left

rFire   . . .      SeeInvis .   y - +0 trident
rCold   . . .      Faith    +   m - +0 buckler
rNeg    . . .      Spirit   .   f - +3 ring mail
rPois   .          Reflect  .   q - +0 helmet
rElec   .          Harm     .   A - +0 cloak
rCorr   .          Rampage  .   (no gloves)
Will    ++...                   (no boots)
Stlth   ..........              D - amulet of faith
HPRegen 1.30/turn               j - +6 ring of strength
MPRegen 0.15/turn               d - +4 ring of evasion

@: berserking, strong-willed, regenerating, very quick
A: fangs 1, strong nose, distributed training, thin skeletal structure 1, weak
1, noise suppression
a: Renounce Religion, Berserk, Trog's Hand


You were on level 7 of the Dungeon.
You worshipped Trog.
Trog was most pleased with you.
You visited 1 branch of the dungeon, and saw 7 of its levels.

You collected 582 gold pieces.

Inventory:

Hand Weapons
 y - a +0 trident (weapon)
 z - a +3 quarterstaff of chaos
Armour
 f - a +3 ring mail (worn)
 m - a +0 buckler (worn)
 q - a +0 helmet (worn)
 A - a +0 cloak (worn)
 B - a +0 plate armour
Jewellery
 d - a +4 ring of evasion (right hand)
 j - a +6 ring of strength (left hand)
 C - an amulet of the acrobat
 D - an amulet of faith (around neck)
Wands
 h - a wand of acid (5) (quivered)
Scrolls
 e - a scroll of teleportation
 i - a scroll of magic mapping
 k - a scroll of enchant weapon {unknown}
 l - a scroll of poison
 n - a scroll of amnesia {unknown}
 o - 2 scrolls of immolation {unknown}
 t - a scroll of brand weapon {unknown}
 w - a scroll of fear {unknown}
 x - a scroll of summoning
Potions
 a - 2 potions of curing {unknown}
 b - 3 potions of ambrosia
 c - a potion of lignification {unknown}
 g - 4 potions of might
 p - a potion of mutation
 r - a potion of haste
 s - a potion of cancellation
 u - 2 potions of heal wounds {unknown}
 v - a potion of flight


   Skills:
 + Level 8.4 Fighting
 + Level 5.0 Short Blades
 + Level 5.0 Long Blades
 + Level 5.0 Axes
 + Level 5.0 Maces & Flails
 + Level 8.4 Polearms
 + Level 5.0 Staves
 + Level 5.0 Ranged Weapons
 + Level 5.0 Throwing
 + Level 6.9 Armour
 + Level 6.9 Dodging
 + Level 5.0 Stealth
 + Level 5.0 Shields
 + Level 5.0 Unarmed Combat
 + Level 5.0 Spellcasting
 + Level 4.2 Conjurations
 + Level 4.2 Hexes
 + Level 4.2 Summonings
 + Level 4.2 Necromancy
 + Level 4.2 Translocations
 + Level 4.2 Transmutations
 + Level 4.2 Fire Magic
 + Level 4.2 Ice Magic
 + Level 4.2 Air Magic
 + Level 4.2 Earth Magic
 + Level 4.2 Poison Magic
 + Level 5.5 Invocations
 + Level 5.0 Evocations


You had 19 spell levels left.
You didn't know any spells.
Your spell library was empty.

Dungeon Overview and Level Annotations

Branches:
Dungeon (7/15)             Temple (0/1) D:6

Altars:
Ru
Uskayaw
Wu Jian

Shops:
D:1 (

Annotations:
D:7 Braxton's ghost, novice OgAE


Innate Abilities, Weirdness & Mutations

You have very sharp teeth.
Your uncanny sense of smell can sniff out nearby items.
Your experience applies equally to all skills.
You have a somewhat thin skeletal structure. (Dex +2, Stealth+)
You are weak. (Str -2)
You passively dampen the noise of your surroundings.


Message History

You block Braxton's ghost's attack.
You puncture Braxton's ghost!
Braxton's ghost is heavily damaged.
Braxton's ghost casts a spell at you. The zap hits you. The zap hits you!
You hit Braxton's ghost.
Braxton's ghost is heavily damaged.
Braxton's ghost casts a spell at you. The zap misses you. The zap hits you.
Your skin crawls.
You feel strong-willed. Braxton's ghost closely misses you.
You hit Braxton's ghost.
Braxton's ghost is heavily damaged.
Braxton's ghost casts a spell.
You are struck by an arc of lightning.
Braxton's ghost is struck by an arc of lightning.
You are struck by an arc of lightning!
Braxton's ghost is struck by an arc of lightning.
You are struck by an arc of lightning!
* * * LOW HITPOINT WARNING * * *
Braxton's ghost is struck by an arc of lightning!
You are struck by an arc of lightning.
* * * LOW HITPOINT WARNING * * *
The lightning grounds out.
A red film seems to cover your vision as you go berserk!
You feel yourself moving faster!
You feel mighty! Braxton's ghost hits you.
* * * LOW HITPOINT WARNING * * *
You hit Braxton's ghost but do no damage.
Braxton's ghost is severely damaged.
You puncture Braxton's ghost! Your bite misses Braxton's ghost.
Braxton's ghost is severely damaged.
Braxton's ghost hits you!
* * * LOW HITPOINT WARNING * * *
You puncture Braxton's ghost!
Braxton's ghost is almost destroyed.
Braxton's ghost shrieks, "They lied to you.
The Dungeon just goes down and down forever."
Braxton's ghost waves its arms in wide circles.
The air twists around and strikes you!!
You die...

#.#.#.#.#.#.#.#†#.#.#.#.#..
##.#.#.#.#.#.#.#.#.#.#.#.#.
#.#.#.#.#.#.#'#.#.#.#.#.#.#
#######.################..#
#.#####.≈## #.. #.#..#≈~#.#
## #....#$⌠..##
##...'~.~(.# #..@W.#~~##
##..#.....# #..#~..###
####.##.# ## ##


You could see Braxton's ghost.

Vanquished Creatures
  Pikel (D:4)
  Maggie (D:6)
  The ghost of corgi the Shooter, an amateur KoHu (D:4)
  Eustachio (D:6)
  Edmund (D:6)
  A water moccasin (D:7)
  3 black bears
  2 ice beasts
  A sky beast (D:7)
  An ogre (D:4)
  2 phantoms
  A kobold brigand (D:7)
  A lemure (D:4)
  2 bullfrogs (D:6)
  2 scorpions
  A wight (D:4)
  A howler monkey (D:6)
  2 orc priests (D:5)
  Crazy Yiuf (D:4)
  2 jellies (D:5)
  5 hounds
  Ijyb (D:4)
  4 iguanas
  2 orc wizards (D:5)
  A killer bee zombie (D:4)
  A howler monkey zombie (D:4)
  7 adders
  3 gnolls (D:4)
  3 shadow imps
  An ufetubus (D:4)
  2 worms
  2 dart slugs
  3 orcs
  10 ball pythons
  6 bats
  An endoplasm (D:1)
  2 giant cockroaches
  10 goblins
  8 hobgoblins
  8 jackals (D:3)
  14 kobolds
  5 quokkas
  10 frilled lizards
  A rat (D:2)
138 creatures vanquished.

Vanquished Creatures (collateral kills)
  Prince Ribbit (D:6)
  A necrophage (D:6)
  An orc (D:6)
3 creatures vanquished.

Vanquished Creatures (others)
  14 plants
14 creatures vanquished.

Grand Total: 155 creatures vanquished

Notes
Turn   | Place    | Note
-------+----------+-------------------------------------------
     0 | D:1      | JohnEldenRing the Gnoll Berserker began the quest for the
                  | Orb.
     0 | D:1      | Reached XP level 1. HP: 23/23 MP: 1/1
   252 | D:1      | Found a faded altar of an unknown god.
   320 | D:1      | Reached XP level 2. HP: 27/29 MP: 2/2
   864 | D:1      | Found Meun's Weapon Shop.
  1061 | D:2      | Reached XP level 3. HP: 35/35 MP: 3/3
  1265 | D:4      | Noticed a scorpion
  1271 | D:4      | Reached skill level 1 in Short Blades
  1271 | D:4      | Reached skill level 1 in Long Blades
  1271 | D:4      | Reached skill level 1 in Axes
  1271 | D:4      | Reached skill level 1 in Maces & Flails
  1271 | D:4      | Reached skill level 1 in Staves
  1271 | D:4      | Reached skill level 1 in Ranged Weapons
  1271 | D:4      | Reached skill level 1 in Throwing
  1271 | D:4      | Reached skill level 1 in Stealth
  1271 | D:4      | Reached skill level 1 in Shields
  1271 | D:4      | Reached skill level 1 in Unarmed Combat
  1271 | D:4      | Reached skill level 1 in Spellcasting
  1271 | D:4      | Reached skill level 1 in Invocations
  1271 | D:4      | Reached skill level 1 in Evocations
  1328 | D:3      | Reached XP level 4. HP: 22/41 MP: 5/5
  1494 | D:4      | Noticed a phantom
  1502 | D:4      | Killed a phantom
  1503 | D:4      | Reached skill level 1 in Conjurations
  1503 | D:4      | Reached skill level 1 in Hexes
  1503 | D:4      | Reached skill level 1 in Summonings
  1503 | D:4      | Reached skill level 1 in Necromancy
  1503 | D:4      | Reached skill level 1 in Translocations
  1503 | D:4      | Reached skill level 1 in Transmutations
  1503 | D:4      | Reached skill level 1 in Fire Magic
  1503 | D:4      | Reached skill level 1 in Ice Magic
  1503 | D:4      | Reached skill level 1 in Air Magic
  1503 | D:4      | Reached skill level 1 in Earth Magic
  1503 | D:4      | Reached skill level 1 in Poison Magic
  1503 | D:4      | Reached XP level 5. HP: 47/47 MP: 5/7
  1575 | D:4      | Found a runed translucent door.
  1575 | D:4      | Noticed Pikel
  1575 | D:4      | Noticed a lemure
  1575 | D:4      | Noticed a lemure
  1746 | D:5      | Entered Level 5 of the Dungeon
  1754 | D:5      | Reached XP level 6. HP: 53/53 MP: 8/8
  1823 | D:5      | Found a transporter.
  1868 | D:5      | Reached skill level 5 in Armour
  1868 | D:5      | Reached skill level 5 in Dodging
  2137 | D:5      | Reached ** piety under Trog
  2145 | D:5      | Found a transporter.
  2219 | D:5      | Noticed an ice beast
  2227 | D:5      | Killed an ice beast
  2287 | D:6      | Reached XP level 7. HP: 54/60 MP: 10/10
  2304 | D:6      | Noticed Eustachio
  2339 | D:6      | Killed Eustachio
  2348 | D:6      | Reached XP level 8. HP: 53/67 MP: 12/12
  2366 | D:6      | Found a staircase to the Ecumenical Temple.
  2367 | D:6      | Noticed Prince Ribbit
  2379 | D:6      | Found an ornate altar of the Wu Jian Council.
  2503 | D:6      | Noticed Maggie
  2577 | D:5      | Found a hide-covered altar of Uskayaw.
  3589 | D:4      | Noticed corgi's ghost (amateur KoHu)
  3590 | D:4      | Found a transporter.
  3596 | D:4      | Found a transporter.
  3694 | D:4      | Killed corgi's ghost
  3770 | D:4      | Reached XP level 9. HP: 73/73 MP: 14/14
  3817 | D:4      | Noticed Ijyb
  3834 | D:4      | Killed Ijyb
  4172 | D:4      | Noticed Crazy Yiuf
  4185 | D:4      | Killed Crazy Yiuf
  4190 | D:4      | Killed Pikel
  4410 | D:3      | Found a sacrificial altar of Ru.
  4879 | D:3      | Reached *** piety under Trog
  5530 | D:6      | Killed Prince Ribbit
  5531 | D:6      | Reached skill level 5 in Invocations
  5537 | D:6      | Killed Maggie
  5542 | D:6      | Noticed Edmund
  5877 | D:6      | Killed Edmund
  6230 | D:7      | Reached skill level 5 in Short Blades
  6230 | D:7      | Reached skill level 5 in Long Blades
  6230 | D:7      | Reached skill level 5 in Axes
  6230 | D:7      | Reached skill level 5 in Maces & Flails
  6230 | D:7      | Reached skill level 5 in Staves
  6230 | D:7      | Reached skill level 5 in Ranged Weapons
  6230 | D:7      | Reached skill level 5 in Throwing
  6230 | D:7      | Reached skill level 5 in Stealth
  6230 | D:7      | Reached skill level 5 in Shields
  6230 | D:7      | Reached skill level 5 in Unarmed Combat
  6230 | D:7      | Reached skill level 5 in Spellcasting
  6230 | D:7      | Reached skill level 5 in Evocations
  6230 | D:7      | Reached XP level 10. HP: 53/81 MP: 17/17
  6261 | D:7      | Gained mutation: You have a somewhat thin skeletal
                  | structure. (Dex +2, Stealth+) [potion of mutation]
  6261 | D:7      | Gained mutation: You passively dampen the noise of your
                  | surroundings. [potion of mutation]
  6261 | D:7      | Gained mutation: You are weak. (Str -2) [potion of
                  | mutation]
  6370 | D:7      | Found a large runed translucent door.
  6370 | D:7      | Found a large runed translucent door.
  6372 | D:7      | Noticed Braxton's ghost (novice OgAE)
  6395 | D:7      | HP: 6/123 [Braxton's ghost (17)]
  6396 | D:7      | Killed from afar by Braxton's ghost

Illustrated notes

Levels and vault maps discovered:
D:1:      nzn_arrival_settlement, layout_loops_corners, serial_shops,
          nicolae_shop_bloodbath_and_beyond, basic_ecumenical_altar,
          nrook_mini_vaults
D:2:      layout_basic
D:3:      layout_basic, nicolae_ru_sacrificial_ziggurat,
          nicolae_concentric_dashed_squares_wild, minmay_lizard_king
D:4:      layout_basic, gammafunk_ghost_mausoleum, minmay_circle_x, uniq_ijyb,
          uniq_crazy_yiuf_cottage, uniq_pikel
D:5:      gammafunk_wand_slinger, layout_basic,
          mainiacjoe_overflow_small_starburst
D:6:      layout_rooms, lemuel_round_altar, minmay_temple_entry_grid,
          minmay_misc_feat_secret_circle, amcnicky_mini_corridor_feature,
          grunt_ministairs_1, dk_vineyard_1, uniq_edmund, uniq_prince_ribbit1,
          uniq_eustachio, uniq_maggie
D:7:      layout_basic, ebering_ghost_disaster_area, chequers_decorated_corner

Skill      XL: |  1  2  3  4  5  6  7  8  9 |
---------------+----------------------------+-----
Short Blades   | 1 2 3 5 |  5.0
Long Blades    | 1 2 3 5 |  5.0
Axes           | 1 2 3 5 |  5.0
Maces & Flails | 1 2 3 5 |  5.0
Staves         | 1 2 3 5 |  5.0
Ranged Weapons | 1 2 3 5 |  5.0
Throwing       | 1 2 3 5 |  5.0
Stealth        | 1 2 3 5 |  5.0
Shields        | 1 2 3 5 |  5.0
Unarmed Combat | 1 2 3 5 |  5.0
Spellcasting   | 1 2 3 5 |  5.0
Invocations    | 1 2 3 4 5 |  5.5
Evocations     | 1 2 3 5 |  5.0
Conjurations   | 1 2 3 4 |  4.2
Hexes          | 1 2 3 4 |  4.2
Summonings     | 1 2 3 4 |  4.2
Necromancy     | 1 2 3 4 |  4.2
Translocations | 1 2 3 4 |  4.2
Transmutations | 1 2 3 4 |  4.2
Fire Magic     | 1 2 3 4 |  4.2
Ice Magic      | 1 2 3 4 |  4.2
Air Magic      | 1 2 3 4 |  4.2
Earth Magic    | 1 2 3 4 |  4.2
Poison Magic   | 1 2 3 4 |  4.2
Armour         | 5 6 |  6.9
Dodging        | 5 6 |  6.9
Fighting       | 7 8 |  8.4
Polearms       | 7 8 |  8.4

Action                   |  1- 3 |  4- 6 |  7- 9 | 10-12 || total
-------------------------+-------+-------+-------+-------++-------
Melee: Spear             |   105 |    90 |       |       ||   195
       Bite              |     7 |     7 |    31 |     2 ||    47
       Trident           |       |       |   326 |    31 ||   357
Throw: Stone             |     4 |     1 |       |       ||     5
Invok: Berserk           |     1 |     3 |     4 |     1 ||     9
       Trog's Hand       |       |       |     4 |     1 ||     5
Evoke: Wand              |       |    13 |    11 |     1 ||    25
  Use: Potion            |       |     1 |     2 |     1 ||     4
       Scroll            |       |       |    17 |     1 ||    18
 Stab: Paralysed         |       |    12 |     1 |       ||    13
       Sleeping          |       |       |       |     1 ||     1
Armor: Animal skin       |     3 |       |       |       ||     3
       Chain mail        |    21 |    18 |   120 |       ||   159
       Ring mail         |       |       |     7 |     7 ||    14
Dodge: Dodged            |    40 |    18 |   199 |     9 ||   266
Block: Buckler           |    11 |     6 |    64 |     2 ||    83
